 Dungeon Crawl Stone Soup version 0.31-a0-702-gf82c85558f (webtiles) character file.

Game seed: 9805946498809074444

70 qw the Shooter (level 4, -4/28 HPs)
             Began as a Gargoyle Hunter on Sept 8, 2023.
             Slain by a black bear (8 damage)
             ... on level 2 of the Dungeon.
             The game lasted 00:00:34 (1411 turns).

qw the Shooter (Gargoyle Hunter)                    Turns: 1411, Time: 00:00:35

Health: -4/28      AC: 11    Str: 13 (15) XL:     4   Next: 22%
Magic:  4/4        EV: 10    Int:  8 (9)  God:
Gold:   132        SH:  0    Dex: 14 (15) Spells: 3/3 levels left

rFire   . . .        Y - +0 shortbow
rCold   . . .        (shield currently unavailable)
rNeg    + . .        d - +0 ring mail
rPois   inf          (no helmet)
rElec   +            (no cloak)
rCorr   .            a - +2 pair of gloves
SInv    .            (no boots)
Will    .....        (no amulet)
Stlth   +            (no ring)
HPRegen 0.24/turn    (no ring)
MPRegen 0.09/turn

%: no passive effects
@: no status effects
A: sickness immunity, AC +3, negative energy resistance 1, electricity
resistance, torment resistance 1, petrification resistance
a: no special abilities


You were on level 2 of the Dungeon.
You visited 1 branch of the dungeon, and saw 3 of its levels.

You collected 132 gold pieces.


Innate Abilities, Weirdness & Mutations

You are immune to sickness and miasma.
Your stone body is resilient. (AC +3)
You are immune to poison.
You resist negative energy. (rN+)
You are resistant to electric shocks. (rElec)
You are resistant to unholy torment.
You are immune to petrification.


   Skills:
 - Level 3.0 Fighting
 - Level 5.3 Ranged Weapons
 + Level 0.0 Armour
 - Level 1.5 Dodging
 - Level 1.1 Stealth


You had 3 spell levels left.
You didn't know any spells.
Your spell library was empty.

Inventory:

Hand Weapons
 Y - a +0 shortbow (weapon)
Armour
 a - a +2 pair of gloves (worn)
 d - a +0 ring mail (worn)

Dungeon Overview and Level Annotations

Branches:
Dungeon (3/15)

Altars:


Message History

The black bear bites you.
The black bear claws you but does no damage.
The black bear claws you.
The black bear bites you but does no damage.
The black bear misses you.
The black bear claws you but does no damage.
1404 ||| STAIRDANCE The black bear bites you but does no damage.
The black bear barely misses you. The black bear claws you.
You climb upwards.
There is a stone staircase leading down here.
You shoot an arrow. The arrow hits the black bear.
The black bear is severely wounded.
The black bear bites you but does no damage.
The black bear completely misses you. The black bear claws you.
You shoot an arrow. The arrow hits the black bear.
The black bear is severely wounded.
The black bear goes berserk!
You shoot an arrow. The arrow barely misses the black bear.
The black bear bites you but does no damage.
The black bear claws you but does no damage.
The black bear barely misses you.
The black bear bites you but does no damage.
The black bear barely misses you. x2
You shoot an arrow. The arrow barely misses the black bear.
The black bear bites you. The black bear claws you.
The black bear closely misses you. The black bear bites you.
The black bear claws you.
The black bear claws you but does no damage.
You shoot an arrow. The arrow barely misses the black bear.
The black bear completely misses you. The black bear barely misses you.
The black bear claws you but does no damage.
The black bear bites you.
The black bear claws you but does no damage.
The black bear completely misses you.
You shoot an arrow.
The arrow hits the black bear but does no damage.
The black bear is severely wounded.
The black bear bites you!
You die...

# ##....###.# ###### #
####.....# #....# #
####..###....#
##############%.##....#
......................#
##############..##.####
......# #...#.# #.....##
#.h.#.# #......# ##.@#.#
#......#########.#.#
#..............#.#.#
#......#######.#.#.#
.........<...#.#.#.#
##......#.##.#.#.#.#
........#.##.#.#.#.########
###.#.#.#.##.#.#.#........#
###.#.#.#....#.#.########.#


You could see a black bear (berserk).

Vanquished Creatures
  2 adders (D:2)
  7 endoplasms
  A giant cockroach (D:1)
  3 goblins
  9 hobgoblins
  6 jackals
  A kobold (D:2)
  2 quokkas
  6 ball pythons
  5 frilled lizards
  5 rats
47 creatures vanquished.

Notes
Turn   | Place    | Note
-------+----------+-------------------------------------------
     0 | D:1      | qw the Gargoyle Hunter began the quest for the Orb.
     0 | D:1      | Reached XP level 1. HP: 12/12 MP: 1/1
     0 | D:1      | 0 ||| qw: Version: 0.3-a-76-g4403597
     0 | D:1      | 0 ||| qw: Game counter: 1083
     0 | D:1      | 0 ||| qw: Melee chars always use a shield: true
     0 | D:1      | 0 ||| qw: God list: Okawaru
     0 | D:1      | 0 ||| qw: Allow faded altars: false
     0 | D:1      | 0 ||| qw: Do Orc after clearing Dungeon:15 true
     0 | D:1      | 0 ||| qw: Do second Lair branch before Depths: true
     0 | D:1      | 0 ||| qw: Lair rune preference: random
     0 | D:1      | 0 ||| qw: Goals: Normal
     0 | D:1      | 0 ||| PLANNING D:1-11
    76 | D:1      | Reached XP level 2. HP: 17/17 MP: 2/2
   221 | D:1      | Reached XP level 3. HP: 9/21 MP: 3/3
   224 | D:1      | HP: 5/21 [frilled lizard (2)]
   313 | D:1      | Reached skill level 5 in Ranged Weapons
   562 | D:1      | 562 ||| READING scroll labelled FUBUUX ABLUTYH.
   567 | D:1      | 567 ||| DRINKING 2 puce potions.
   568 | D:1      | 568 ||| DROPPING scroll of butterflies.
   569 | D:1      | 569 ||| DROPPING potion of degeneration.
   725 | D:2      | Reached skill level 3 in Fighting
  1044 | D:2      | Reached XP level 4. HP: 28/28 MP: 4/4
  1345 | D:2      | 1345 ||| UPGRADING to +2 pair of gloves.
  1350 | D:2      | 1350 ||| UPGRADING to +0 ring mail.
  1360 | D:2      | 1360 ||| DROPPING +0 leather armour.
  1361 | D:2      | 1361 ||| READING scroll labelled TOL HIHEALECS.
  1400 | D:3      | Noticed a black bear
  1404 | D:3      | 1404 ||| STAIRDANCE
  1409 | D:2      | HP: 5/28 [black bear (4)]
  1411 | D:2      | Slain by a black bear

Levels and vault maps discovered:
D:1:      mrwooster_arrival_statue, layout_rooms
D:2:      layout_basic
D:3:      cheibrodos_greedy_goblins, layout_basic, nemelex_diamond_rough_becter,
          serial_shops, shop_statue, nicolae_shop_pleasant_corner_grove, shop,
          nicolae_shop_behind_doors, nicolae_shop_gaudy_bauble,
          cheibrodos_gnoll_hut, uniq_sigmund

Skill      XL: |  1  2  3 |
---------------+----------+-----
Ranged Weapons | 5 |  5.3
Fighting       | 3 |  3.0
Dodging        | |  1.5
Stealth        | |  1.1

Action                     |  1- 3 |  4- 6 || total
---------------------------+-------+-------++-------
   Fire: Shortbow          |   123 |    25 ||   148
    Use: Scroll            |     1 |     1 ||     2
         Potion            |     1 |       ||     1
 Armour: Leather armour    |    43 |     3 ||    46
         Ring mail         |       |    23 ||    23
  Dodge: Dodged            |    36 |    17 ||    53

Table legend:
 A = Non-vault XP
 B = Vault XP
 C = Vault XP percentage of total XP
 D = Non-vault monster count
 E = Vault monster count
 F = Vault count percentage of total count
                 A         B        C        D         E       F
            +---------+---------+-------+---------+---------+-------
      Total |     101 |       0 |   0.0 |      47 |       0 |   0.0
            +---------+---------+-------+---------+---------+-------
        D:1 |      48 |       0 |   0.0 |      29 |       0 |   0.0
        D:2 |      53 |       0 |   0.0 |      18 |       0 |   0.0
            +---------+---------+-------+---------+---------+-------
